 Dungeon Crawl Stone Soup version 0.19.4-9-g45fd643 (webtiles) character file.

78 Kosschaser the Shooter (level 4, -6/30 HPs)
             Began as a High Elf Hunter on Feb 16, 2017.
             Shot with an arrow by a centaur (10 damage)
             ... on level 3 of the Dungeon.
             The game lasted 00:14:25 (2576 turns).

Kosschaser the Shooter (High Elf Hunter)            Turns: 2576, Time: 00:14:26

Health: -6/30      AC:  4    Str: 11    XL:     4   Next: 15%
Magic:  5/5        EV: 12    Int: 14    God:
Gold:   108        SH:  0    Dex: 17    Spells: 0 memorised, 3 levels left

rFire  . . .     SeeInvis .     a - +1 shortbow
rCold  . . .     Gourm    +     c - +0 leather armour
rNeg   . . .     Faith    .     (shield currently unavailable)
rPois  .         Spirit   .     (no helmet)
rElec  .         Reflect  .     (no cloak)
rCorr  .         Harm     .     s - +0 pair of gloves
MR     .....                    (no boots)
Stlth  ++........               u - amulet of the gourmand
                                (no ring)
                                (no ring)

@: very slightly contaminated
A: no striking features
a: no special abilities


You were on level 3 of the Dungeon.
You were not hungry.

You visited 1 branch of the dungeon, and saw 3 of its levels.

You collected 108 gold pieces.

Inventory:

Hand Weapons
 a - a +1 shortbow (weapon)
 b - a +0 short sword
Missiles
 d - 21 arrows (quivered)
Armour
 c - a +0 leather armour (worn)
 s - a +0 pair of gloves (worn)
Jewellery
 u - an amulet of the gourmand (around neck)
Wands
 n - a wand of iceblast (8/15)
Scrolls
 g - a scroll of blinking
 k - 4 scrolls of identify {unknown}
 m - a scroll of fog {unknown}
 p - a scroll of magic mapping {unknown}
 v - a scroll of remove curse {unknown}
Potions
 e - 2 potions of cure mutation {unknown}
 l - a potion of brilliance {unknown}
 o - a potion of degeneration {unknown}
 q - a potion of berserk rage {unknown}
 r - a potion of might {unknown}
Comestibles
 f - 2 bread rations
 h - 8 fruits
 i - a royal jelly
 j - 2 beef jerkies
 t - a meat ration


   Skills:
 + Level 2.7 Fighting
 + Level 0.8 Short Blades
 + Level 6.5 Bows
 + Level 0.8 Armour
 + Level 2.5 Dodging
 + Level 1.1 Stealth


You had 3 spell levels left.
You didn't know any spells.

Dungeon Overview and Level Annotations

Branches:
Dungeon (3/15)

Altars:


Message History

Okay, then.
You see here an arrow.
The centaur shoots an arrow.
The arrow hits you.
* * * LOW HITPOINT WARNING * * *
Things that are here:
an arrow; a leather armour The centaur shoots an arrow.
The arrow hits you.
* * * LOW HITPOINT WARNING * * *
The centaur shoots an arrow.
The arrow hits you but does no damage.
You see here an arrow.
Blink to where?
Press: ? - help, Dir - move target cursor, p - orc You are very lightly contaminated with residual magic.
As you read the scroll of blinking, it crumbles to dust.
Found a stone staircase leading up.
A goblin comes into view. It is wielding a club.
A leopard gecko comes into view.
The leopard gecko hisses angrily.
The goblin shouts!
The centaur shoots an arrow.
The arrow hits you!
You die...

.# #.. #.#.## .#
#...##..###....##. .#
#...##......<..... .#
####...##.####....##.
.# .........# #.#.##
## ........# #.#.#
.....l.## #.#.# #
#<..# #.# #.#.# #
#.##@..##.# .. .#
###########
#.g....#.# ## .#
..........# ###.....#
#########.## #.#..#l#
#..## #.#..# .#.
#.#.# #.#..#.#.#
##.## #.#..#...# #.#
#.#c.##..# #.#
#.#..##..###..


You could see a centaur, a leopard gecko, a goblin and a frilled lizard.

Vanquished Creatures
  2 adders (D:2)
  A worm (D:2)
  2 orcs (D:3)
  3 giant cockroaches
  6 goblins
  9 hobgoblins
  4 jackals (D:1)
  A quokka (D:3)
  8 bats
  4 frilled lizards
  7 kobolds
  5 rats
52 creatures vanquished.

Notes
Turn   | Place    | Note
-------+----------+-------------------------------------------
     0 | D:1      | Kosschaser the High Elf Hunter began the quest for the Orb.
     0 | D:1      | Reached XP level 1. HP: 14/14 MP: 2/2
   258 | D:1      | Reached XP level 2. HP: 15/19 MP: 3/3
  1116 | D:1      | Reached skill level 6 in Bows
  1389 | D:2      | Reached XP level 3. HP: 23/25 MP: 4/4
  2347 | D:3      | Reached XP level 4. HP: 30/30 MP: 5/5
  2560 | D:3      | Noticed a centaur
  2576 | D:3      | Shot with an arrow by a centaur

Skill      XL: |  1  2 |
---------------+-------+-----
Bows           | 6 |  6.5
Fighting       | |  2.7
Short Blades   | |  0.8
Armour         | |  0.8
Dodging        | |  2.5
Stealth        | |  1.1

Action                   |  1- 3 |  4- 6 || total
-------------------------+-------+-------++-------
Melee: Short sword       |    90 |     3 ||    93
       Shortbow          |     1 |       ||     1
 Fire: Shortbow          |    71 |    14 ||    85
  Use: Scroll            |     1 |     1 ||     2
 Stab: Sleeping          |     4 |       ||     4
  Eat: Chunk             |     4 |     6 ||    10
Armor: Leather armour    |    27 |     3 ||    30
Dodge: Dodged            |    71 |     4 ||    75
